 Dungeon Crawl Stone Soup version 0.28-a0-691-gad6df49e81 (webtiles) character file.

Game seed: 11009895290131353355

28693 RepHenryClay the Destroyer (level 13, -2/94 HPs)
             Began as a Naga Conjurer on Oct 20, 2021.
             Was an Elder of Vehumet.
             Slain by a wyvern (14 damage)
             ... on level 4 of the Lair of Beasts.
             The game lasted 00:47:14 (21431 turns).

RepHenryClay the Destroyer (Naga Conjurer)         Turns: 21431, Time: 00:47:15

Health: -2/94      AC: 11    Str:  9    XL:     13   Next: 40%
Magic:  21/21      EV: 11    Int: 29    God:    Vehumet [****..]
Gold:   376        SH:  6    Dex: 11    Spells: 5/23 levels left

rFire   + + .      SeeInvis +   l - +1 short sword (flame)
rCold   + . .      Faith    +   F - +2 buckler
rNeg    + . .      Spirit   .   k - +0 robe
rPois   +          Reflect  .   (no helmet)
rElec   .          Harm     .   (no cloak)
rCorr   .          Rampage  .   g - +0 pair of gloves
Will    +....                   B - +1 barding {Fly}
Stlth   ++........              y - amulet of faith
HPRegen 0.25/turn               v - ring "Liafitz" {rF+ rC+ Int+6 Slay-2}
MPRegen 0.17/turn               r - ring of the Thieving Coward {rF+ rN+}

@: flying, very slow
A: AC +4, large, see invisible, deformed body, poison resistance, slowness 2,
spit poison 1, naga tail 2, MP-powered wands, noise suppression
a: Spit Poison, Renounce Religion


You were on level 4 of the Lair of Beasts.
You worshipped Vehumet.
Vehumet was greatly pleased with you.
You visited 2 branches of the dungeon, and saw 15 of its levels.

You collected 836 gold pieces.
You spent 460 gold pieces at shops.

Inventory:

Hand Weapons
 a - the +7 captain's cutlass {speed, disarm}
   (You took it off a goblin on level 4 of the Dungeon)

   Attacks with this weapon are significantly faster.
   It may disarm weapon-wielding foes when striking them, dealing extra damage
   in the process.
 c - a +4 flail of protection
 l - a +1 short sword of flaming (weapon)
 s - a +2 short sword of venom
 N - a +1 scimitar of flaming
Missiles
 p - a throwing net
Armour
 g - a +0 pair of gloves (worn)
 k - a +0 robe (worn)
 B - a +1 barding of flying (worn)
 F - a +2 buckler (worn)
 H - the +0 robe of Mordant Salvation {Harm Rampage Will++ Str-2}
   (You bought it in a shop on level 9 of the Dungeon)

   Str:       It affects your strength (-2).
   Harm:      It increases damage dealt and taken.
   Rampage:   It bestows one free step when moving towards enemies.
   Will:      It greatly increases your willpower.
Jewellery
 q - a ring of fire
 r - the ring of the Thieving Coward (right hand) {rF+ rN+}
   (You found it on level 1 of the Lair of Beasts)

   [ring of protection from fire]

   rF:        It protects you from fire.
   rN:        It protects you from negative energy.
 v - the ring "Liafitz" (left hand) {rF+ rC+ Int+6 Slay-2}
   (You acquired it on level 7 of the Dungeon)

   [ring of protection from fire]

   Int:       It affects your intelligence (+6).
   Slay:      It affects your accuracy & damage with ranged weapons and melee
   (-2).
   rF:        It protects you from fire.
   rC:        It protects you from cold.
 y - an amulet of faith (around neck)
 C - the ring of Perfectionism {Fire rN+}
   (You bought it in a shop on level 9 of the Dungeon)

   [ring of fire]

   It enhances your fire magic.
   rF:        It protects you from fire.
   rC:        It makes you vulnerable to cold.
   rN:        It protects you from negative energy.
Wands
 i - a wand of charming (10)
 t - a wand of flame (56)
 A - a wand of digging (19)
 E - a wand of mindburst (21)
 J - a wand of iceblast (32)
 O - a wand of paralysis (5)
Scrolls
 d - a scroll of immolation {unknown}
 m - 5 scrolls of amnesia
 n - 2 scrolls of teleportation
 I - 3 scrolls of enchant weapon
 L - a scroll of magic mapping
 M - a scroll of silence {unknown}
 P - 2 scrolls of identify {@r1}
Potions
 b - 4 potions of resistance
 e - 6 potions of lignification
 f - a potion of ambrosia
 h - 5 potions of curing
 j - a potion of invisibility {unknown}
 o - 3 potions of brilliance
 u - 2 potions of degeneration {unknown}
 w - a potion of might
 x - 3 potions of flight
 z - a potion of berserk rage {unknown}
 D - 3 potions of attraction
 G - 2 potions of haste
 K - 2 potions of magic


   Skills:
 - Level 9.3 Short Blades
 - Level 10.0 Dodging
 - Level 3.9 Stealth
 - Level 4.0 Shields
 + Level 5.5 Spellcasting
 + Level 10.4 Conjurations
 - Level 10.2 Earth Magic
 - Level 8.0 Poison Magic


You had 5 spell levels left.
You knew the following spells:

 Your Spells              Type           Power      Damage    Failure   Level
a - Stone Arrow           Conj/Erth      100%       3d13      1%          3
b - Searing Ray           Conj           100%       2d8       1%          2
c - Mephitic Cloud        Conj/Pois/Air  43%        N/A       1%          3
d - Olgreb's Toxic Radia  Pois           53%        N/A       1%          4
e - Magic Dart            Conj           100%       1d8       1%          1
f - Fireball              Conj/Fire      19%        3d9       5%          5

Your spell library contained the following spells:

 Spells                   Type           Power      Damage    Failure   Level
 Freeze                   Ice            32%        1d5       1%          1
 Sandblast                Erth           100%       2d20      1%          1
 Sting                    Tmut/Pois      100%       1d8       1%          1
 Passwall                 Tmut/Erth      30%        N/A       1%          2
 Poisonous Vapours        Pois/Air       62%        N/A       1%          2
 Static Discharge         Conj/Air       38%        N/A       1%          2
 Dazzling Flash           Conj/Hex       76%        N/A       1%          3
 Ignite Poison            Fire/Tmut/Pois 23%        N/A       1%          3
 Fulminant Prism          Conj/Hex       19%        3d11      1%          4
 Hailstorm                Conj/Ice       38%        3d9       1%          4
 Iskenderun's Mystic Bla  Conj/Tloc      38%        2d9       1%          4
 Sticky Flame             Conj/Fire      38%        2d6       1%          4
 Spider Form              Tmut/Pois      15%        N/A       3%          3
 Frozen Ramparts          Ice            16%        1d3       5%          3
 Call Imp                 Summ           8%         N/A       9%          2
 Ensorcelled Hibernation  Hex/Ice        16%        N/A       9%          2
 Slow                     Hex            8%         N/A       9%          2
 Sublimation of Blood     Necr           4%         N/A       9%          2
 Wereblood                Tmut           8%         N/A       9%          2
 Freezing Cloud           Conj/Ice/Air   14%        6-21      11%         5
 Confusing Touch          Hex            8%         N/A       19%         3
 Yara's Violent Unravell  Hex/Tmut       4%         3d4       38%         5
 Dispel Undead            Necr           8%         3d8       52%         4
 Ozocubu's Refrigeration  Ice            4%         4d5       100%        7
 Summon Hydra             Summ           4%         N/A       100%        7
 Ignition                 Fire           4%         3d4       100%        8


Dungeon Overview and Level Annotations

Branches:
Dungeon (11/15)            Temple (0/1) D:7            Lair (4/6) D:10
 Shoals (0/4) Lair:2       Spider (0/4) Lair:4
    Orc: D:9-12

Altars:
Elyvilon
Fedhas
Nemelex Xobeh
Ru
Trog
Uskayaw
Vehumet
The Shining One

Shops:
D:5 :   D:9 ((*!(

Annotations:
D:6 2 transporters
Lair:3 2 transporters, Maimakterion's ghost, journeyman OpFE


Innate Abilities, Weirdness & Mutations

Your serpentine skin is tough. (AC +4)
You have supernaturally acute eyesight. (SInv)
Armour fits poorly on your strangely shaped body.
Your system is resistant to poisons. (rPois)
You cover ground very slowly.
You can spit poison.
You can use your snake-like lower body to constrict enemies.
You expend magic power (3 MP) to strengthen your wands.
You passively dampen the noise of your surroundings.


Message History

You are confused.
You feel invigorated. The wyvern bites you!
* * * LOW HITPOINT WARNING * * *
Damage: -3%(-3hp) hp: 35%(32hp) You're too confused to move!
Your +1 short sword of flaming bursts into flame!
l - a +1 short sword of flaming (weapon)
Unknown command.
The three-headed hydra bites you!
* * * LOW HITPOINT WARNING * * *
The three-headed hydra bites you but does no damage.
The three-headed hydra barely misses you.
Damage: -1%(-1hp) hp: 40%(37hp) Unknown command.
The three-headed hydra closely misses you.
The three-headed hydra completely misses you.
The three-headed hydra bites you.
You feel less invigorated.
You feel less confused.
The wyvern seems less confused.
The three-headed hydra bites you.
The three-headed hydra bites you but does no damage. x2
The wyvern bites you!
* * * LOW HITPOINT WARNING * * *
Huge Dmg: -10%(-9hp) hp: 31%(29hp)
You barely miss the three-headed hydra. The three-headed hydra bites you.
* * * LOW HITPOINT WARNING * * *
The three-headed hydra bites you but does no damage.
The three-headed hydra barely misses you.
You block the wyvern's attack.
Damage: -2%(-2hp) hp: 29%(27hp) Unknown command.
You barely miss the three-headed hydra.
The three-headed hydra bites you but does no damage.
The three-headed hydra bites you.
* * * LOW HITPOINT WARNING * * *
The three-headed hydra bites you!
* * * LOW HITPOINT WARNING * * *
The wyvern bites you!
You die...

.. .........P..## #
#.........P..#### #
.......P.PP.....## #
#.......P........# ##
##..>...#.P......# #.
#........#.......## #.
..................### ##
........@.........PP######
.........Dl...!......P...#.#
.....P.......................
..............................
...............†..............
...................^..........
..............................
.(......)...........†.........
.................†............


You could see a three-headed hydra and a wyvern.

Vanquished Creatures
  Gastronok (Lair:2)
  A boulder beetle (D:11)
  An ogre mage (D:11)
  3 hydras
  Erica (Lair:2)
  A two-headed ogre (D:10)
  An orc knight (D:11)
  A deep elf pyromancer (D:11)
  A manticore (D:10)
  3 cyclopes
  14 elephants
  2 merfolk sirens (Lair:2)
  5 cane toads
  Maggie (D:6)
  A kobold demonologist (D:11)
  A rime drake (Lair:2)
  5 komodo dragons
  A merfolk (Lair:2)
  A polar bear (Lair:3)
  Grinder (D:6)
  6 blink frogs
  Prince Ribbit (D:7)
  A wraith (D:9)
  24 yaks
  2 wyverns
  Eustachio (D:4)
  2 steam dragons
  2 basilisks
  3 wargs
  6 water moccasins
  2 black bears
  2 ice beasts
  7 orc warriors
  A necrophage (D:6)
  4 ogres (D:4)
  4 centaurs
  2 phantoms
  2 kobold brigands (D:10)
  Blork the orc (D:6)
  7 bullfrogs
  7 scorpions
  3 elf skeletons (D:7)
  3 water moccasin zombies (D:5)
  2 water moccasin skeletons
  An electric eel (Lair:3)
  A howler monkey (D:5)
  3 bullfrog zombies
  A centaur skeleton (D:5)
  4 centaur zombies
  6 orc priests
  2 hounds
  3 jellies (D:7)
  A human zombie (D:7)
  A bullfrog skeleton (D:7)
  4 iguanas
  A human skeleton (D:7)
  15 orc wizards
  2 howler monkey zombies
  9 adders
  3 shadow imps
  An ufetubus (D:7)
  An adder skeleton (D:4)
  A worm (D:5)
  2 dart slugs (D:1)
  33 orcs
  6 ball pythons
  3 bats
  11 endoplasms
  4 giant cockroaches
  9 goblins
  8 hobgoblins
  2 quokkas
  3 frilled lizards
  A giant cockroach zombie (D:3)
  14 kobolds
  An orc zombie (D:7)
  8 rats
306 creatures vanquished.

Vanquished Creatures (others)
  6 fungi
  6 plants
12 creatures vanquished.

Grand Total: 318 creatures vanquished

Notes
Turn   | Place    | Note
-------+----------+-------------------------------------------
     0 | D:1      | RepHenryClay the Naga Conjurer began the quest for the Orb.
     0 | D:1      | Reached XP level 1. HP: 15/15 MP: 3/3
   362 | D:1      | Reached XP level 2. HP: 22/22 MP: 0/5
  1123 | D:1      | Reached XP level 3. HP: 28/28 MP: 4/6
  1337 | D:1      | Learned a level 2 spell: Searing Ray
  1726 | D:2      | Learned a level 3 spell: Mephitic Cloud
  2128 | D:2      | Reached XP level 4. HP: 36/36 MP: 0/7
  2647 | D:3      | Noticed a scorpion
  2648 | D:3      | Found a radiant altar of Vehumet.
  2650 | D:3      | Found a sparkling altar of Nemelex Xobeh.
  2650 | D:3      | Noticed a scorpion
  2652 | D:3      | Found a transporter.
  2660 | D:3      | Found a transporter.
  2950 | D:3      | Reached skill level 1 in Poison Magic
  3486 | D:4      | Reached XP level 5. HP: 21/42 MP: 2/8
  3659 | D:4      | Noticed an ogre
  3666 | D:4      | Noticed an ogre
  3675 | D:4      | Killed an ogre
  3676 | D:4      | Reached skill level 5 in Poison Magic
  3676 | D:4      | Reached XP level 6. HP: 49/49 MP: 0/9
  3700 | D:4      | Learned a level 4 spell: Olgreb's Toxic Radiance
  4525 | D:4      | Noticed Eustachio
  4552 | D:4      | Killed Eustachio
  4553 | D:4      | Reached XP level 7. HP: 27/55 MP: 2/10
  4610 | D:4      | Reached skill level 1 in Shields
  5515 | D:4      | Reached XP level 8. HP: 62/62 MP: 4/11
  5889 | D:3      | Became a worshipper of Vehumet
  5985 | D:5      | Entered Level 5 of the Dungeon
  6107 | D:5      | Reached skill level 1 in Short Blades
  6135 | D:5      | Found Kegou's Book Shop.
  6633 | D:5      | Found a sacrificial altar of Ru.
  7361 | D:6      | Reached XP level 9. HP: 67/68 MP: 12/12
  7369 | D:6      | Noticed Blork the orc
  7377 | D:6      | Killed Blork the orc
  7555 | D:6      | Noticed Maggie
  7573 | D:6      | Killed Maggie
  7574 | D:6      | Reached skill level 5 in Short Blades
  7762 | D:6      | Reached skill level 5 in Dodging
  8004 | D:6      | Noticed Grinder
  8013 | D:6      | Paralysed by Grinder for 7 turns
  8022 | D:6      | Killed Grinder
  8206 | D:6      | Found a transporter.
  8368 | D:6      | You fall into a shaft and drop 3 floors!
  8876 | D:9      | Found Fagga's Antique Weapon Shoppe.
  8928 | D:7      | Identified 2 scrolls of acquirement
  8928 | D:7      | Acquired a +1 barding of flying
  8945 | D:7      | Acquired the ring "Liafitz" {rF+ rC+ Int+6 Slay-2}
  8974 | D:7      | Noticed Prince Ribbit
  8990 | D:7      | Killed Prince Ribbit
  9041 | D:7      | Reached * piety under Vehumet
  9041 | D:7      | Offered knowledge of Foxfire by Vehumet.
  9048 | D:7      | Reached XP level 10. HP: 60/75 MP: 8/13
  9413 | D:6      | Found a transporter.
  9966 | D:7      | Learned a level 3 spell: Stone Arrow
 10174 | D:7      | Found a staircase to the Ecumenical Temple.
 10337 | D:7      | Reached ** piety under Vehumet
 10337 | D:7      | Offered knowledge of Scorch by Vehumet.
 11141 | D:8      | Found a glowing golden altar of the Shining One.
 11391 | D:8      | Found a bloodstained altar of Trog.
 11830 | D:9      | Found Josym's Distillery.
 11831 | D:9      | Found Siohipof's Weapon Shoppe.
 11838 | D:9      | Bought a potion of haste for 150 gold pieces
 11865 | D:9      | Noticed a cyclops
 11884 | D:9      | Killed a cyclops
 12366 | D:9      | Found a white marble altar of Elyvilon.
 12434 | D:9      | Found a blossoming altar of Fedhas.
 12512 | D:9      | Found Tabliruh's Weapon Boutique.
 12646 | D:9      | Found Xysasmup's Assorted Antiques.
 12649 | D:9      | Bought a smoking brass ring for 145 gold pieces
 12649 | D:9      | Identified the ring of Perfectionism {Fire rN+} (You bought
                  | it in a shop on level 9 of the Dungeon)
 12649 | D:9      | Bought an ancient robe for 165 gold pieces
 12649 | D:9      | Identified the +0 robe of Mordant Salvation {Harm Rampage
                  | Will++ Str-2} (You bought it in a shop on level 9 of the
                  | Dungeon)
 12694 | D:10     | Entered Level 10 of the Dungeon
 12702 | D:10     | Offered knowledge of Conjure Flame by Vehumet.
 12903 | D:9      | Reached skill level 5 in Conjurations
 13034 | D:10     | Found a staircase to the Lair.
 13048 | D:10     | Reached *** piety under Vehumet
 13266 | D:10     | Reached XP level 11. HP: 70/81 MP: 14/14
 13587 | D:10     | Noticed a two-headed ogre
 13610 | D:10     | Killed a two-headed ogre
 13945 | D:10     | Found a hide-covered altar of Uskayaw.
 14021 | D:11     | Noticed a boulder beetle
 14035 | D:11     | Noticed a cyclops
 14219 | D:11     | Noticed a manticore
 14224 | D:11     | Offered knowledge of Flame Wave by Vehumet.
 14230 | D:11     | Noticed a cyclops
 14244 | D:10     | Killed a manticore
 14539 | D:11     | Killed a cyclops
 14893 | D:11     | Killed a boulder beetle
 14998 | D:11     | Gained mutation: Your spells are a little easier to cast,
                  | but a little less powerful. [a neqoxec]
 15000 | D:11     | Lost mutation: Your spells are a little easier to cast, but
                  | a little less powerful. [potion of mutation]
 15000 | D:11     | Gained mutation: You passively dampen the noise of your
                  | surroundings. [potion of mutation]
 15000 | D:11     | Gained mutation: You expend magic power (3 MP) to
                  | strengthen your wands. [potion of mutation]
 15174 | D:11     | Noticed an orc knight
 15185 | D:11     | Killed an orc knight
 15187 | D:11     | Noticed a skeletal warrior
 15190 | D:11     | Noticed an ogre mage
 15339 | D:11     | Noticed an ogre mage
 15601 | D:11     | Killed a cyclops
 15738 | D:11     | Noticed a tengu warrior
 15747 | D:11     | Killed an ogre mage
 15807 | D:11     | Noticed a deep elf pyromancer
 15824 | D:11     | Killed a deep elf pyromancer
 16147 | Lair:1   | Entered Level 1 of the Lair of Beasts
 16286 | Lair:1   | Reached skill level 10 in Dodging
 16286 | Lair:1   | Noticed an eight-headed hydra
 16351 | Lair:1   | Killed an eight-headed hydra
 16352 | Lair:1   | Reached skill level 1 in Earth Magic
 16365 | Lair:1   | Reached XP level 12. HP: 88/88 MP: 11/15
 16639 | Lair:1   | Reached **** piety under Vehumet
 16656 | Lair:1   | Offered knowledge of Fireball by Vehumet.
 17035 | Lair:1   | Noticed an eight-headed hydra
 17042 | Lair:1   | Killed an eight-headed hydra
 17043 | Lair:1   | Reached skill level 5 in Earth Magic
 17337 | Lair:1   | Identified the ring of the Thieving Coward {rF+ rN+}
 18298 | Lair:2   | Noticed Erica
 18304 | Lair:2   | Killed Erica
 18426 | Lair:2   | Noticed Gastronok
 18450 | Lair:2   | Killed Gastronok
 19045 | Lair:2   | Reached skill level 10 in Earth Magic
 19145 | Lair:2   | Found a staircase to the Shoals.
 19738 | Lair:3   | Gained mutation: You can use your snake-like lower body to
                  | constrict enemies. [Naga growth]
 19738 | Lair:3   | Reached XP level 13. HP: 79/94 MP: 5/17
 19891 | Lair:3   | Found a transporter.
 20029 | Lair:3   | Learned a level 5 spell: Fireball
 20081 | Lair:3   | Found a transporter.
 20092 | Lair:3   | Noticed Maimakterion's ghost (journeyman OpFE)
 20621 | Lair:3   | Reached skill level 10 in Conjurations
 20644 | Lair:3   | Reached skill level 5 in Spellcasting
 21270 | Lair:4   | Found a hole to the Spider Nest.
 21431 | Lair:4   | Slain by a wyvern

Illustrated notes

Levels and vault maps discovered:
D:1:      wheals_arrival_shading, layout_basic, minmay_pentomino_w2
D:2:      layout_basic, minmay_ruptured
D:3:      layout_loops_ring, gammafunk_temple_overflow_arena,
          wander_ebering_terrifying_dragon_lair
D:4:      layout_basic, uniq_eustachio
D:5:      layout_basic, nicolae_ru_the_path_less_chosen, serial_shops,
          kennysheep_mini, serial_undead, serial_undead_b, serial_undead_e,
          serial_undead_f, serial_undead_d, kennysheep_path_1
D:6:      gammafunk_cloud_chamber, layout_basic, uniq_blork_the_orc,
          uniq_grinder, uniq_maggie
D:7:      layout_cave_pools, minmay_temple_entry_enclosed_plants,
          nicolae_ossuary_entry_catacombs, grunt_ministairs_14, minivault_24,
          uniq_prince_ribbit1
D:8:      layout_loops_corners, lemuel_crystal_altar, trog_butcher_becter,
          st_stairs_11
D:9:      layout_loops_corners, fedhas_altar_4, nicolae_elyvilon_temple_path,
          serial_shops, shop, nicolae_shop_statue_plus,
          nicolae_shop_behind_doors, shop, kennysheep_mini_moat
D:10:     layout_roguey, lemuel_coloured_pillars_altar,
          erik_lair_orcish_takeover
D:11:     minmay_the_grid_four_pointed_star_mashed
          [minmay_the_grid_triangle_9x9_subtriangle,
          minmay_the_grid_triangle_9x9_longest,
          minmay_the_grid_triangle_9x9_zippers_horizontal,
          minmay_the_grid_triangle_9x9_from_above,
          minmay_the_grid_prize_inner_circle], layout_loops_ring, david_orc_4
Lair:1:   layout_chaotic_city, eino_small_chamber_without_monster, minivault_11,
          grunt_megastairs_1
Lair:2:   layout_misc_corridors, elwin_shoals_entry_rooms, uniq_erica,
          uniq_gastronok
Lair:3:   layout_chaotic_city, gammafunk_ghost_berserking_beasts,
          nicolae_quartered_pool_super, nicolae_lair_grove_arrangements,
          infiniplex_staircase_pool_2
Lair:4:   layout_hall_layers, spider_nest_entry_web_field, special_room
          [special_room_bee]

Skill      XL: |  1  2  3  4  5  6  7  8  9 10 11 12 13 |
---------------+----------------------------------------+-----
Dodging        | 2 4 6 8 10 | 10.0
Poison Magic   | 3 5 8 |  8.0
Shields        | 3 4 |  4.0
Short Blades   | 4 7 9 |  9.3
Conjurations   | 5 8 9 10 | 10.4
Earth Magic    | 2 10 | 10.2
Spellcasting   | 3 5 |  5.5
Stealth        | |  3.9

Action                   |  1- 3 |  4- 6 |  7- 9 | 10-12 | 13-15 || total
-------------------------+-------+-------+-------+-------+-------++-------
Melee: Unarmed           |    16 |     3 |       |       |       ||    19
       Flail             |       |    23 |       |       |       ||    23
       Cutlass           |       |    15 |   198 |   500 |    90 ||   803
       Short sword       |       |       |     5 |       |     2 ||     7
       Constrict         |       |       |       |       |    10 ||    10
       Scimitar          |       |       |       |       |     3 ||     3
 Cast: Magic Dart        |    68 |    60 |    37 |    13 |       ||   178
       Searing Ray       |       |     2 |    15 |     2 |       ||    19
       Mephitic Cloud    |       |     5 |     5 |    26 |     3 ||    39
       Olgreb's Toxic Ra |       |     1 |     5 |    46 |    12 ||    64
       Stone Arrow       |       |       |       |    81 |    24 ||   105
 Abil: Spit Poison       |     1 |     6 |     6 |     1 |       ||    14
Evoke: Wand              |       |       |     3 |     6 |     1 ||    10
  Use: Scroll            |       |     6 |     4 |     8 |     2 ||    20
       Potion            |       |     2 |     1 |     3 |     1 ||     7
 Stab: Confused          |       |       |     2 |    19 |       ||    21
       Sleeping          |       |       |     2 |     4 |       ||     6
Armor: Robe              |     4 |    15 |    45 |   109 |    41 ||   214
       Skin              |       |     1 |       |       |       ||     1
Dodge: Dodged            |    10 |    27 |    76 |   122 |    39 ||   274
Block: Buckler           |       |       |    29 |    91 |    32 ||   152

Table legend: (Time is in decaauts)
 A = Elapsed time spent in this place.
 B = Non-inter-level travel time spent in this place.
 C = Inter-level travel time spent in this place.
 D = Time resting spent in this place.
 E = Time spent auto-exploring this place.
 F = Levels seen in this place.
 G = Mean time per level.
                   A        B        C        D        E       F      G
               +--------+--------+--------+--------+--------+-----+--------+
         Total |  25119 |  24042 |   1077 |   5502 |  15534 |  15 | 1674.6 |
       Dungeon |  19447 |  18450 |    997 |   4043 |  12062 |  11 | 1767.9 |
          Lair |   5671 |   5592 |     79 |   1459 |   3472 |   4 | 1417.8 |
               +--------+--------+--------+--------+--------+-----+--------+

Top non-repeatable levels by time:
     D:4: 2828 daAuts
    D:10: 2749 daAuts
     D:1: 2087 daAuts
     D:9: 2055 daAuts
  Lair:1: 2012 daAuts
  Lair:2: 1955 daAuts
     D:8: 1708 daAuts
     D:6: 1682 daAuts
     D:5: 1565 daAuts
  Lair:3: 1469 daAuts
     D:3: 1384 daAuts
     D:7: 1294 daAuts
     D:2: 1099 daAuts
    D:11: 992 daAuts
  Lair:4: 233 daAuts
